Map: Terraform LE (Void)

Players

SticklerMac - Winner!

  • Race: Zerg Zerg
  • League: Bronze

Archer

  • Race: Terran Terran
  • League: Bronze

VOD

Have the link to the VOD?

Description

Time

  • Played on: Aug. 10, 2015, 4:41 p.m.
  • Length: 10:44
Show
View Real Time Build Order
Export as new Build Order

SticklerMac Zerg - Winner!

Build Orders: Hatch First, Zergling Baneling 

Get SALT Encoding   

  12  0:01  Drone  
  13  0:08  Drone  
  14  0:17  Overlord  
  14  0:35  Drone x3  
  17  0:54  Hatchery  
  16  0:57  Drone  
  16  0:59  Drone  
  18  1:15  Spawning Pool  
  18  1:16  Drone  
  18  1:23  Drone  
  19  1:26  Extractor  
  18  1:36  Drone  
  19  1:43  Drone  
  20  2:02  Overlord  
  20  2:03  Queen  
  20  2:07  Queen  
  24  2:12  Drone x2  
  26  2:21  Drone  
  26  2:22  Baneling Nest  
  26  2:36  Drone  
  27  2:37  Drone, Zergling x2  
  27  2:39  Zergling x2  
  30  2:46  Zergling x2  
  30  2:48  Metabolic Boost  
  30  2:49  Drone  
  32  2:55  Drone  
  33  3:01  Drone  
  34  3:06  Drone  
  34  3:10  Drone, Extractor  
  34  3:11  Drone  
  36  3:20  Overlord x3  
  36  3:35  Overlord  
  36  3:40  Zergling x2  
  38  3:41  Zergling x8  
  38  3:45  Lair  
  38  3:47  Zergling x8  
  45  3:50  Zergling x4  
  45  3:54  Zergling x2  
  45  3:55  Zergling x4  
  50  4:03  Zergling x2  
  50  4:04  Zergling x2  
  50  4:06  Zergling x2  
  45  4:34  Queen  
  45  4:35  Zergling x20  
  57  4:42  Zergling x2  
  57  4:44  Baneling  
  57  4:45  Baneling x7  
  58  4:54  Zergling x2  
  58  4:55  Zergling x4  
  61  5:12  Zergling x10  
  62  5:14  Baneling  
  62  5:15  Baneling x7  
  62  5:16  Baneling  
  62  5:17  Baneling  
  62  5:18  Baneling  
  62  5:19  Baneling  
  62  5:24  Zergling x4  
  64  5:33  Zergling x2  
  64  5:34  Zergling x4  
  67  5:50  Zergling x2  
  67  5:51  Overlord  
  67  5:52  Overlord x2  
  68  5:57  Pneumatized Carapace  
  68  6:08  Overlord x2  
  68  6:10  Zergling x2  
  69  6:11  Zergling x2  
  69  6:13  Drone  
  69  6:16  Drone  
  69  6:18  Drone  
  73  6:29  Zergling x6  
  73  6:31  Zergling x2  
  77  6:35  Baneling x4  
  77  6:37  Baneling  
  77  6:38  Baneling  
  77  6:39  Baneling  
  77  6:40  Baneling  
  66  7:14  Zergling x2  
  66  7:15  Zergling x12  
  67  7:21  Zergling x2  
  67  7:22  Zergling x2  
  53  7:35  Zergling x4  
  55  7:41  Zergling x2  
  55  7:42  Zergling x2  
  56  7:55  Zergling x2  
  56  7:56  Zergling x2  
  58  8:03  Zergling x4  
  60  8:11  Zergling x2  
  60  8:14  Zergling x14  
  65  8:24  Spire, Zergling x4  
  65  8:26  Hatchery  
  63  8:29  Zergling x4  
  63  8:37  Hatchery  
  61  8:45  Zergling x2  
  61  8:46  Zergling x18  
  68  9:06  Overseer  
  68  9:07  Zergling x2  
  68  9:08  Zergling x6  
  66  9:57  Mutalisk x4  
  66  9:58  Mutalisk x5  
  82  10:11  Zergling x2  
  83  10:16  Drone x12  
Show
View Real Time Build Order
Export as new Build Order

Archer Terran 

Build Orders: 1/1/1 

Get SALT Encoding   

  12  0:00  SCV  
  13  0:13  SCV  
  14  0:19  Supply Depot  
  14  0:28  Refinery  
  14  0:43  Barracks  
  14  0:45  SCV  
  15  0:59  Supply Depot  
  15  1:00  SCV  
  16  1:12  SCV  
  17  1:24  SCV  
  18  1:36  Factory  
  18  1:39  SCV  
  19  1:41  Marine  
  20  1:50  Refinery  
  20  1:51  Orbital Command  
  20  1:59  Marine  
  21  2:17  Marine  
  21  2:18  SCV  
  21  2:20  Factory Tech Lab  
  23  2:24  Starport  
  23  2:32  SCV  
  23  2:35  Marine  
  25  2:42  Siege Tank  
  28  2:44  SCV  
  28  2:50  Supply Depot  
  30  3:03  Medivac  
  31  3:11  Barracks, Marine  
  31  3:12  SCV  
  33  3:27  Command Center  
  33  3:38  Starport Reactor  
  36  3:41  Siege Tank  
  36  3:44  Marine  
  34  4:37  Marine  
  34  4:41  Siege Tank  
  34  4:42  Orbital Command  
  37  4:49  Barracks  
  37  4:50  Barracks Tech Lab  
  37  4:53  Barracks  
  37  4:55  Marine  
  38  5:03  Medivac  
  38  5:05  SCV  
  41  5:13  Siege Tank  
  44  5:17  SCV  
  45  5:24  Barracks Tech Lab  
  45  5:29  SCV  
  46  5:37  Engineering Bay x2  
  46  5:39  Barracks Tech Lab  
  46  5:40  Barracks Tech Lab  
  46  5:41  SCV  
  47  5:45  Reaper  
  48  5:51  Marauder  
  48  5:53  SCV  
  51  6:01  Stimpack  
  51  6:03  Marine x2  
  53  6:10  Barracks  
  53  6:12  Marine  
  53  6:13  Barracks  
  54  6:38  Starport Tech Lab  
  54  6:44  Barracks  
  54  6:52  Supply Depot  
  54  7:06  Marine x2  
  54  7:09  Marine  
  36  7:24  Marine x2  
  36  7:26  Banshee, Marine  
  26  7:33  SCV  
  22  7:37  Marine x3  
  22  7:42  Marine x2  
  17  7:44  Marine  
  15  7:51  Marine  
  15  7:55  Marine x3  
  16  7:59  Marine x2  
  16  8:02  Marine  
  15  8:09  Marine  
  7  9:56  Orbital Command  
  7  10:28  SCV  
Tags
 
Add a new tag
Caveats
  • Supply blocks, unpowered buildings, or Contaminate may cause inaccurate times.
  • Supply counts are checked every 10 seconds.